cohdb
Replays
Latest Replays
All Replays
Popular Replays
Top Player Replays
Match Explorer
How It Works
Community
CoH3 Stats
Reddit
Sign in to upload your games and track your stats! →
Sign in with Steam
Match 44346176
Unlisted
Match 44346176
Overview
Messages
Build Orders
End
Royal Engineer Section
Construct Section Command Post
Infantry Section
Selects Australian Defense Battlegroup
Selects Australian Light Infantry Section
Australian Light Infantry Section
Vickers Machine Gun Team
Australian Light Infantry Section
Grenade Package
Selects 2-pounder Anti-tank Gun Team
Infantry Section
Selects Hold the Line!
2-pounder Anti-tank Gun Team
Construct Platoon Command Post
robwarrior
[Redacted]
Nemesis2703
Hessenwolf
0
0
Comments
sign in to comment!
No comments posted yet!